 Dungeon Crawl Stone Soup version 0.18.1-1-g2f07953 (webtiles) character file.

11683 SkaryMonk the Basher (level 11, -1/72 HPs)
             Began as a Demonspawn Gladiator on May 4, 2016.
             Was a Believer of Ashenzari.
             Slain by a spectral orc warrior
             ... wielding a +0 halberd
             ... summoned by Nergalle
              (5 damage)
             ... on level 1 of the Lair of Beasts on May 6, 2016.
             The game lasted 01:06:42 (13253 turns).

SkaryMonk the Basher (Demonspawn Gladiator)        Turns: 13253, Time: 01:06:42

Health: -1/72      AC: 14    Str: 17    XL:     11   Next: 52%
Magic:  11/11      EV: 11    Int: 12    God:    Ashenzari [**....]
Gold:   519        SH:  0    Dex: 13    Spells: 0 memorised, 10 levels left

rFire  + . .     SeeInvis +     I - +0 morningstar (curse)
rCold  . . .     Gourm    .     E - +0 swamp dragon armour (curse)
rNeg   . . .     Faith    .     (no shield)
rPois  +         Spirit   .     q - +2 helmet {SInv} (curse)
rElec  .         Dismiss  .     F - +0 cloak
rCorr  .         Reflect  .     S - +0 pair of gloves
SustAt +         Harm     .     (no boots)
MR     .....                    k - amulet of regeneration (curse)
Stlth  +.........               (no ring)
                                e - ring of sustain attributes

@: heavily drained, not resistant to hostile enchantments, very unstealthy
A: claws 2, demonic guardian 1, fire resistance 1, flame cloud immunity, sturdy
frame 2
a: Curse Item, Scrying, Renounce Religion


You were on level 1 of the Lair of Beasts.
You worshipped Ashenzari.
Ashenzari was pleased with you.
You were not hungry.

You visited 4 branches of the dungeon, and saw 15 of its levels.
You also visited: Sewer.

You collected 662 gold pieces.
You spent 143 gold pieces at shops.

Notes
Turn   | Place    | Note
--------------------------------------------------------------
     0 | D:1      | SkaryMonk the Demonspawn Gladiator began the quest for the Orb.
     0 | D:1      | Reached XP level 1. HP: 16/16 MP: 1/1
    85 | D:1      | Reached skill level 3 in Maces & Flails
   110 | D:1      | Gained mutation: A weak demonic guardian rushes to your aid. [demonic ancestry]
   110 | D:1      | Reached XP level 2. HP: 22/22 MP: 2/2
   387 | D:1      | Gained mutation: You have sharp fingernails. [demonic ancestry]
   387 | D:1      | Reached XP level 3. HP: 19/27 MP: 3/3
   751 | D:2      | Reached skill level 4 in Maces & Flails
  1027 | D:2      | Found a bloodstained altar of Trog.
  1027 | D:2      | Found a sparkling altar of Nemelex Xobeh.
  1028 | D:2      | Found a glowing silver altar of Zin.
  1224 | D:2      | Noticed Robin
  1251 | D:2      | Killed Robin
  1410 | D:2      | Gained mutation: Your flesh is heat resistant. [demonic ancestry]
  1410 | D:2      | Reached XP level 4. HP: 23/33 MP: 4/4
  2468 | D:3      | Reached skill level 5 in Maces & Flails
  2849 | D:3      | Gained mutation: You have very sharp fingernails. [demonic ancestry]
  2849 | D:3      | Reached XP level 5. HP: 31/38 MP: 5/5
  3216 | D:3      | Found a shadowy altar of Dithmenos.
  3338 | D:4      | Upgraded the game from 0.18-b1-22-ge198996 to 0.18.1-1-g2f07953
  3593 | D:4      | Reached skill level 6 in Maces & Flails
  3685 | D:4      | Noticed Menkaure
  3685 | D:4      | Found Asull's Distillery.
  3790 | D:4      | Found a glowing drain.
  3803 | D:4      | HP: 2/57 [poisoned by an adder]
  3893 | Sewer    | Entered a sewer
  3898 | Sewer    | HP: 1/38 [rat (1)]
  3900 | Sewer    | Reached XP level 6. HP: 26/44 MP: 6/6
  4244 | Sewer    | Found a white marble altar of Elyvilon.
  4931 | D:5      | Entered Level 5 of the Dungeon
  4991 | D:5      | Got an ichor-stained plate armour
  5014 | D:5      | Noticed an ice beast
  5295 | D:5      | Noticed Pikel
  5296 | D:5      | Noticed a slave
  5298 | D:5      | Noticed a slave
  5300 | D:5      | Reached skill level 7 in Maces & Flails
  5315 | D:5      | Killed Pikel
  5315 | D:5      | Reached skill level 8 in Maces & Flails
  5315 | D:5      | Gained mutation: Your movements are slightly less encumbered by armour (ER -2). [demonic ancestry]
  5315 | D:5      | Reached XP level 7. HP: 50/50 MP: 7/7
  5329 | D:5      | Found a glowing golden altar of the Shining One.
  5334 | D:5      | Killed Dowan
  5384 | D:5      | Noticed Duvessa
  5594 | D:5      | Killed Duvessa
  5594 | D:5      | Reached skill level 9 in Maces & Flails
  5594 | D:5      | Gained mutation: Your movements are less encumbered by armour (ER -4). [demonic ancestry]
  5594 | D:5      | Reached XP level 8. HP: 56/56 MP: 8/8
  5911 | D:6      | Found Butrauh's Book Shop.
  6057 | D:6      | Found a staircase to the Ecumenical Temple.
  6058 | D:6      | Found a white marble altar of Elyvilon.
  6073 | D:6      | Noticed Sigmund
  6083 | D:6      | Killed Sigmund
  6117 | Temple   | Entered the Ecumenical Temple
  6227 | Temple   | Became a worshipper of Ashenzari the Shackled
  6326 | D:6      | Noticed Edmund
  6346 | D:6      | Killed Edmund
  6398 | D:6      | Reached skill level 10 in Maces & Flails
  6773 | D:6      | Noticed crawlian's ghost (novice DEFE)
  6803 | D:6      | Killed crawlian's ghost
  7133 | D:7      | Reached skill level 11 in Maces & Flails
  7133 | D:7      | Gained mutation: You are immune to clouds of flame. [demonic ancestry]
  7133 | D:7      | Reached XP level 9. HP: 22/61 MP: 9/9
  8025 | D:8      | Noticed Psyche
  8035 | D:8      | Killed Psyche
  8119 | D:8      | Reached skill level 12 in Maces & Flails
  8126 | D:8      | Noticed Erica
  8297 | D:8      | Reached * piety under Ashenzari
  8393 | D:8      | Found a burning altar of Makhleb.
  8613 | D:8      | Noticed Gastronok
  8622 | D:9      | Noticed a troll
  8837 | D:9      | Noticed Eustachio
  8913 | D:9      | Killed Eustachio
  9096 | D:9      | Reached skill level 13 in Maces & Flails
  9153 | D:9      | Found a staircase to the Orcish Mines.
  9169 | D:9      | Reached XP level 10. HP: 67/67 MP: 10/10
  9512 | D:8      | Killed Erica
  9754 | D:9      | Noticed Blork the orc
  9761 | D:9      | Killed Blork the orc
  9783 | D:9      | Identified the +2 plate armour "Simunlo" {*Confuse MR+ MP+9 Str+4} (You found it on level 5 of the Dungeon)
  9819 | D:9      | Reached skill level 14 in Maces & Flails
 10122 | D:9      | Reached skill level 1 in Armour
 10564 | Orc:1    | Entered Level 1 of the Orcish Mines
 10567 | Orc:1    | Noticed an orc high priest
 10573 | Orc:1    | Noticed a rust devil
 10592 | D:10     | Entered Level 10 of the Dungeon
 10759 | D:10     | Noticed a hill giant
 10777 | D:10     | Killed a hill giant
 10777 | D:10     | Reached skill level 5 in Armour
 11133 | D:10     | Found Woynorimp's Antique Weapon Emporium.
 11144 | D:10     | Bought a runed great mace for 143 gold pieces
 11378 | D:11     | Reached XP level 11. HP: 72/72 MP: 11/11
 11442 | D:11     | Noticed an eight-headed hydra
 11816 | D:11     | Reached ** piety under Ashenzari
 11835 | D:11     | Noticed a death knight
 11835 | D:11     | Noticed a phantasmal warrior
 12212 | D:11     | HP: 2/72 [death knight/battleaxe (29)]
 12943 | D:11     | Noticed a hill giant
 12965 | D:11     | Killed a hill giant
 12996 | D:11     | Found a staircase to the Lair.
 13007 | D:11     | Identified the Incunabulum of Earth (You found it on level 11 of the Dungeon)
 13163 | Lair:1   | Entered Level 1 of the Lair of Beasts
 13204 | Lair:1   | Noticed Nergalle
 13249 | Lair:1   | HP: 3/72 [spectral orc knight/bolt[Nergalle] (1)]
 13253 | Lair:1   | Slain by a spectral orc warrior

Inventory:

Hand Weapons
 I - a cursed +0 morningstar (weapon)
 X - a +2 great mace of venom
Missiles
 j - 20 tomahawks (quivered)
Armour
 q - a cursed +2 helmet of see invisible (worn)
 E - a cursed +0 swamp dragon armour (worn)
 F - a +0 cloak (worn)
 S - a +0 pair of gloves (worn)
 U - a +0 shield
Jewellery
 e - a ring of sustain attributes (left hand)
 k - a cursed amulet of regeneration (around neck)
Wands
 v - a wand of teleportation (2/9)
 w - a wand of random effects (30/48)
 y - a wand of digging (7/24)
 H - a wand of paralysis (8/24)
 L - a wand of digging (9/24)
 N - a wand of flame (36/48)
 O - a wand of polymorph (9/24)
Scrolls
 d - 2 scrolls of magic mapping {unknown}
 h - 3 scrolls of teleportation
 l - a scroll of fear
 n - 2 scrolls of enchant armour {unknown}
 t - a scroll of amnesia {unknown}
 x - 2 scrolls of random uselessness {unknown}
 A - 2 scrolls of recharging {unknown}
 D - 5 scrolls of enchant weapon
 G - a scroll of immolation {unknown}
 P - 2 scrolls of blinking
 Q - a scroll of noise {unknown}
 T - 2 scrolls of vulnerability {unknown}
Potions
 a - a potion of haste
 m - a potion of magic {unknown}
 p - a potion of invisibility {unknown}
 u - 3 potions of flight
 z - a potion of might {unknown}
 M - 3 potions of cancellation
 R - a potion of brilliance {unknown}
 Z - a potion of cure mutation {unknown}
Comestibles
 f - 11 bread rations
 g - 3 meat rations
 i - 3 beef jerkies
 o - 3 royal jellies
 s - a slice of pizza
 J - 4 fruits

Table legend:
 A = Turns spent in this place as a percentage of turns spent in the entire game.
 B = Non-inter-level travel turns spent in this place as a percentage of non-inter-level travel turns spent in the entire game.
 C = Inter-level travel turns spent in this place as a percentage of turns spent in this place.
 D = Turns resting spent in this place as a percentage of non-inter-level travel turns spent in this place.
 E = Turns spent auto-exploring this place as a percentage of non-inter-level travel turns spent in this place.
 F = Non-inter-level travel turns spent in this place divided by the number of levels of this place that you've seen.
                   A       B       C       D       E      F
               +-------+-------+-------+-------+-------+----------------------
         Total | 100.0 | 100.0 |   1.0 |   2.8 |   8.7 | 256.3
       Dungeon |  94.6 |  94.6 |   1.0 |   2.8 |   8.7 | 323.3
        Temple |   1.4 |   1.3 |   1.8 |   0.0 |  18.2 |  55.0
          Lair |   1.3 |   1.3 |   0.0 |   3.8 |   5.7 |  53.0
  Orcish Mines |   0.2 |   0.2 |   0.0 |   0.0 |   0.0 |   8.0
         Sewer |   2.5 |   2.6 |   0.0 |   3.8 |   6.7 | 105.0
               +-------+-------+-------+-------+-------+----------------------


   Skills:
 - Level 2.0(0.0) Fighting
 - Level 14.0(12.8) Maces & Flails
 - Level 1.7(0.0) Throwing
 + Level 9.1(6.5) Armour
 - Level 2.6(0.4) Dodging


You had 10 spell levels left.
You didn't know any spells.

Dungeon Overview and Level Annotations

Branches:
Dungeon (12/15)            Temple (1/1) D:6            Lair (1/8) D:11
    Orc (1/2) D:9

Altars:
Ashenzari
Cheibriados
Dithmenos
Elyvilon
Fedhas
Gozag
Kikubaaqudgha
Makhleb
Nemelex Xobeh
Okawaru
Pakellas
Qazlal
Ru
Sif Muna
Trog
Vehumet
Xom
Yredelemnul
Zin
The Shining One

Shops:
D:4 !   D:6 :   D:10 (

Annotations:
D:4 Menkaure
D:5 exclusion: door
D:8 Gastronok
Lair:1 Nergalle


Innate Abilities, Weirdness & Mutations

You have very sharp fingernails.
A weak demonic guardian rushes to your aid.
Your flesh is heat resistant.
You are immune to clouds of flame.
Your movements are less encumbered by armour (ER -4).


Message History

The spectral orc warrior hits you with a halberd.
* * * LOW HITPOINT WARNING * * *
You hit the spectral orc warrior but do no damage.
Nergalle gestures at you while chanting.
Orcish apparitions take form around you.
The spectral orc warrior barely misses you.
The spectral orc hits you but does no damage.
The spectral orc knight hits you but does no damage.
The spectral orc knight barely misses you.
The spectral orc misses you.
The spectral orc warrior hits you with a halberd.
* * * LOW HITPOINT WARNING * * *
The spectral orc warrior hits you but does no damage. x2
The spectral orc hits you but does no damage.
Unknown command.
The spectral orc knight closely misses you.
Nergalle gestures at you while chanting.
Orcish apparitions take form around you.
The spectral orc warrior hits you with a halberd.
You die...

#####P##...#.................
.............................
.............................
,.........................
(........................
......................... ,≈
..............Z..P.......
.............ZZ..#.......
*#.........ZZ@o..###....##
P.........ZZZl.........# ,
#.......ZZZ.Z........#.
##....##.ZZ...........
#....#...............
.............#......
.....#........###...
#...........## ... ,
#...#........#* ..


You could see Nergalle, 5 spectral orcs, 7 spectral orc warriors, 2 spectral orc
knights and an iguana.

Table legend:
 A = Kills in this place as a percentage of kills in entire the game.
 B = Kills by you in this place as a percentage of kills by you in the entire game.
 C = Kills by friends in this place as a percentage of kills by friends in the entire game.
 D = Other kills in this place as a percentage of other kills in the entire game.
 E = Experience gained in this place as a percentage of experience gained in the entire game.
 F = Experience gained in this place divided by the number of levels of this place that you have seen.
                   A       B       C       D       E      F
               +-------+-------+-------+-------+-------+----------------------
         Total | 100.0 | 100.0 | 100.0 |  -nan | 100.0 | 1043.1
       Dungeon |  96.3 |  97.1 |  84.2 |  -nan |  99.3 | 1381.4
         Sewer |   3.7 |   2.9 |  15.8 |  -nan |   0.7 | 113.0
               +-------+-------+-------+-------+-------+----------------------

Vanquished Creatures
  Erica (D:8)
  Pikel (D:5)
  2 hill giants
  A cyclops (D:11)
  Psyche (D:8)
  A centaur skeleton (D:11)
  The ghost of crawlian the Firebug, a novice DEFE of Sif Muna (D:6)
  A troll (D:9)
  Duvessa (D:5)
  2 slime creatures (D:11)
  Sigmund (D:6)
  A wyvern (D:10)
  3 hippogriffs
  5 yaks (D:9)
  Eustachio (D:9)
  A steam dragon (D:11)
  Edmund (D:6)
  A water moccasin (D:9)
  A swamp drake (D:11)
  9 orc warriors
  2 sky beasts
  An ice beast (D:7)
  A wasp (D:11)
  An ogre (D:8)
  11 centaurs
  2 crocodiles
  A big kobold (Sewer)
  Blork the orc (D:9)
  7 giant frogs
  A gnoll sergeant (D:9)
  2 scorpions
  A wight (D:9)
  A howler monkey (D:4)
  2 crimson imps
  2 jellies (D:9)
  3 centaur zombies
  A quasit (D:10)
  8 orc priests
  6 hounds
  13 orc wizards
  4 iguanas
  9 worker ants
  A hound zombie (D:5)
  A hound skeleton (D:5)
  Robin (D:2)
  2 river rats (Sewer)
  14 adders
  3 shadow imps
  2 oozes
  An adder zombie (D:8)
  2 adder skeletons
  7 worms
  4 dart slugs
  9 giant geckos
  73 orcs
  9 bats
  7 giant cockroaches
  19 goblins
  6 hobgoblins
  8 jackals
  2 quokkas
  3 ball pythons
  3 giant newts
  8 kobolds
  A quokka zombie (D:8)
  7 rats
309 creatures vanquished.

Vanquished Creatures (collateral kills)
  A manticore (D:11)
  A centaur zombie (D:11)
  A troll (D:9)
  A slime creature (D:11)
  A spriggan (D:8)
  An ogre (D:5)
  2 giant frogs
  2 quasits
  2 iguanas (D:11)
  4 orcs
  A jackal (Sewer)
  2 kobolds (Sewer)
19 creatures vanquished.

Vanquished Creatures (others)
  3 slaves (D:5)
  A centaur (D:5)
  Dowan (D:5)
  2 orcs (D:5)
7 creatures vanquished.

Grand Total: 335 creatures vanquished

Action                   |  1- 3 |  4- 6 |  7- 9 | 10-12 || total
-------------------------+-------+-------+-------+-------++-------
Melee: Flail             |   142 |   297 |   438 |   570 ||  1447
       Whip              |       |       |   189 |       ||   189
       Morningstar       |       |       |       |    24 ||    24
Throw: Throwing net      |       |     3 |     3 |       ||     6
       Tomahawk          |       |       |       |     6 ||     6
Invok: Curse Item        |       |       |     2 |     2 ||     4
Evoke: Wand              |       |       |     1 |     5 ||     6
  Use: Scroll            |     3 |     2 |     3 |     8 ||    16
       Potion            |       |     4 |     4 |     6 ||    14
 Stab: Sleeping          |     2 |     3 |       |       ||     5
       Distracted        |       |     1 |     3 |     2 ||     6
       Held in net/web   |       |       |     2 |       ||     2
       Paralysed         |       |       |       |     3 ||     3
  Eat: Chunk             |     2 |    11 |    13 |    14 ||    40
       Beef jerky        |       |       |     1 |       ||     1
Armor: Leather armour    |    55 |    59 |       |       ||   114
       Skin              |       |     3 |     6 |       ||     9
       Swamp dragon armo |       |    27 |   203 |   258 ||   488
Dodge: Dodged            |   117 |   165 |   248 |   352 ||   882

Vault maps used:
D:1:      elethiomel_arrival_quiet, hangedman_decor_opposing
D:2:      gammafunk_temple_overflow_claw, uniq_robin
D:3:      marbit_many_paths
D:4:      serial_shops, shop, portal_sewer_entry_f, first_bread,
          serial_bayou_pond_e, minmay_misc_feat_room, minivault_5, uniq_menkaure
D:5:      lemuel_round_altar, uniq_duvessa, uniq_pikel
D:6:      overflow_temple_1_default, temple_fountains, serial_shops, shop,
          uniq_sigmund, uniq_edmund
D:8:      basic_altar, the_bakery, minmay_misc_feat_columns, uniq_erica,
          uniq_psyche, uniq_gastronok
D:9:      hiddenorc2_lemuel, grunt_ministairs_5, sword_in_stone
D:10:     serial_shops, shop
D:11:     erik_lair_dragon
D:12:     serial_shops, nicolae_shop_behind_doors
Temple:   water_room_temple_a_12
Lair:1:   nicolae_quartered_pool_super, eino_small_chamber_without_monster,
          grunt_megastairs_2, uniq_nergalle
Orc:1:    basic_altar, uniq_harold
Sewer:    sewer_kobolds
